 Dungeon Crawl Stone Soup version 0.31-a0-236-g9a0961fb85 (webtiles) character file.

Game seed: 13020157020304400448

310 qw the Shooter (level 6, 0/51 HPs)
             Began as a Minotaur Hexslinger on July 10, 2023.
             Slain by a gnoll
             ... wielding a +0 club
              (1 damage)
             ... on level 4 of the Dungeon.
             The game lasted 00:01:19 (3059 turns).

qw the Shooter (Minotaur Hexslinger)                Turns: 3059, Time: 00:01:20

Health: 0/51       AC:  6    Str: 13    XL:     6   Next: 17%
Magic:  6/6        EV: 11    Int: 10    God:
Gold:   194        SH:  0    Dex: 14    Spells: 6/7 levels left

rFire   . . .        Y - +1 sling
rCold   . . .        (no shield)
rNeg    . . .        a - +0 ring mail
rPois   +            (helmet restricted)
rElec   .            (no cloak)
rCorr   .            i - +0 pair of gloves
SInv    .            (no boots)
Will    .....        (no amulet)
Stlth   +            f - ring of poison resistance
HPRegen 0.28/turn    (no ring)
MPRegen 0.10/turn

%: no passive effects
@: no status effects
A: horns 2, retaliatory headbutt
a: no special abilities


You were on level 4 of the Dungeon.
You visited 1 branch of the dungeon, and saw 5 of its levels.

You collected 194 gold pieces.


Innate Abilities, Weirdness & Mutations

You have a pair of horns on your head.
You reflexively headbutt those who attack you in melee.


   Skills:
 + Level 3.4 Fighting
 - Level 6.4 Ranged Weapons
 - Level 1.0 Armour
 - Level 2.1 Dodging
 - Level 1.0 Spellcasting
 - Level 2.0 Hexes


You had 6 spell levels left.
You knew the following spells:

 Your Spells              Type           Power      Damage    Failure   Level
a - Slow                  Hex            16%        N/A       32%         1

Your spell library contained the following spells:

 Spells                   Type           Power      Damage    Failure   Level
 Inner Flame              Hex/Fire       2%         N/A       82%         3
 Portal Projectile        Hex/Tloc       4%         N/A       82%         3
 Cause Fear               Hex            2%         N/A       97%         4

Inventory:

Hand Weapons
 Y - a +1 sling (weapon)
Armour
 a - a +0 ring mail (worn)
 i - a +0 pair of gloves (worn)
Jewellery
 c - a ring of fire
 f - a ring of poison resistance (left hand)
 h - a ring of ice
 k - a ring of fire
Scrolls
 e - a scroll of identify
Potions
 d - a potion of invisibility {unknown}
 g - a potion of heal wounds {unknown}
 j - a potion of resistance
 l - a potion of lignification {unknown}
 m - a potion of mutation {unknown}
 n - a potion of cancellation {unknown}
 p - a potion of attraction {unknown}

Dungeon Overview and Level Annotations

Branches:
Dungeon (5/15)
 Temple: D:4-7

Altars:
Ashenzari
Kikubaaqudgha
Wu Jian


Message History

You shoot a sling bullet.
The sling bullet closely misses the gnoll.
The gnoll hits you with a +0 whip. The gnoll hits you with a +0 club.
3051 ||| STAIRDANCE The jelly hits you.
You are splashed with acid!
The gnoll closely misses you. The gnoll hits you with a +0 club.
You climb upwards.
There is a stone staircase leading down here.
You shoot a sling bullet.
The sling bullet hits the gnoll but does no damage.
The gnoll is moderately wounded.
The jelly completely misses you. You furiously retaliate!
You headbutt the jelly. The gnoll hits you with a +0 whip.
The gnoll misses you.
You shoot a sling bullet. The sling bullet hits the jelly!
The jelly is severely wounded.
The jelly hits you but does no damage. The gnoll misses you.
The gnoll hits you with a +0 club. The gnoll hits you with a +0 whip!
The jelly barely misses you. You furiously retaliate!
You headbutt the jelly!
You kill the jelly!
The gnoll barely misses you.
You shoot a sling bullet.
The sling bullet hits the gnoll but does no damage.
The gnoll is moderately wounded.
The gnoll hits you with a +0 whip. The gnoll hits you with a +0 club.
You shoot a sling bullet. The sling bullet hits the gnoll!
The gnoll is almost dead.
The gnoll hits you with a +0 whip. The gnoll barely misses you.
You shoot a sling bullet.
The sling bullet hits the gnoll but does no damage.
The gnoll is almost dead.
The gnoll misses you. The gnoll closely misses you.
You shoot a sling bullet.
The sling bullet closely misses the gnoll.
The gnoll closely misses you. x2; You furiously retaliate!
You headbutt the gnoll, but do no damage.
You shoot a sling bullet.
The sling bullet closely misses the gnoll.
The gnoll hits you with a +0 whip. The gnoll hits you but does no damage.
The gnoll hits you with a +0 whip. The gnoll hits you with a +0 club.
You die...

####### #.....#
########### #[.####
#.........# ##)#
#.:....gg.#
#.#######
#.......@.#
#.##...P##
#.......<.#
#.#....#P##
#.........#
#.#...!PP.#
#.........#
#.#....P.#.
#.........###
#....#####
########....###....#
#..#........######
#...........(.....
#.................


You could see 2 gnolls.

Vanquished Creatures
  A bullfrog (D:4)
  A scorpion (D:4)
  A jelly (D:4)
  5 adders
  3 worms
  3 dart slugs (D:2)
  An orc (D:3)
  6 ball pythons
  3 bats
  10 endoplasms
  7 giant cockroaches
  6 goblins
  9 hobgoblins
  6 jackals
  8 kobolds
  5 quokkas
  8 frilled lizards
  8 rats
91 creatures vanquished.

Notes
Turn   | Place    | Note
-------+----------+-------------------------------------------
     0 | D:1      | qw the Minotaur Hexslinger began the quest for the Orb.
     0 | D:1      | Reached XP level 1. HP: 16/16 MP: 1/1
     0 | D:1      | 0 ||| qw: Version: 0.3-a-52-g30416fa
     0 | D:1      | 0 ||| qw: Game counter: 4617
     0 | D:1      | 0 ||| qw: Melee chars always use a shield: true
     0 | D:1      | 0 ||| qw: God list: Okawaru
     0 | D:1      | 0 ||| qw: Allow faded altars: false
     0 | D:1      | 0 ||| qw: Do Orc after clearing Dungeon:15 true
     0 | D:1      | 0 ||| qw: Do second Lair branch before Depths: true
     0 | D:1      | 0 ||| qw: Lair rune preference: random
     0 | D:1      | 0 ||| qw: Goals: Normal
     0 | D:1      | 0 ||| PLANNING D:1-11
    55 | D:1      | Reached skill level 3 in Ranged Weapons
    75 | D:1      | Reached XP level 2. HP: 22/23 MP: 2/2
   392 | D:1      | Reached XP level 3. HP: 28/29 MP: 3/3
   850 | D:1      | 850 ||| UPGRADING to +0 pair of gloves.
   855 | D:1      | 855 ||| UPGRADING to ring of poison resistance.
   856 | D:1      | 856 ||| READING scroll labelled YLISERUOSM.
   857 | D:1      | 857 ||| DROPPING scroll of poison.
   879 | D:2      | 879 ||| STAIRDANCE
   883 | D:1      | Reached skill level 4 in Ranged Weapons
  1359 | D:2      | Reached XP level 4. HP: 36/36 MP: 4/4
  1714 | D:2      | 1714 ||| UPGRADING to +0 ring mail.
  1724 | D:2      | 1724 ||| DROPPING +0 robe.
  1725 | D:2      | 1725 ||| READING 2 scrolls labelled EDYHYBL FOYMNI.
  1726 | D:2      | 1726 ||| DRINKING 2 cyan potions.
  1771 | D:3      | Found a broken altar of Ashenzari.
  1855 | D:3      | Reached skill level 1 in Armour
  1861 | D:3      | Reached skill level 5 in Ranged Weapons
  1861 | D:3      | 1861 ||| FLEEEEING.
  1862 | D:3      | 1862 ||| FLEEEEING.
  1863 | D:3      | 1863 ||| FLEEEEING.
  1864 | D:3      | 1864 ||| FLEEEEING.
  1865 | D:3      | 1865 ||| FLEEEEING.
  1866 | D:3      | 1866 ||| FLEEEEING.
  1867 | D:3      | 1867 ||| FLEEEEING.
  1869 | D:3      | 1869 ||| FLEEEEING.
  1870 | D:3      | 1870 ||| FLEEEEING.
  1871 | D:3      | 1871 ||| FLEEEEING.
  1872 | D:3      | 1872 ||| FLEEEEING.
  1873 | D:3      | 1873 ||| FLEEEEING.
  1874 | D:3      | 1874 ||| FLEEEEING.
  1875 | D:3      | 1875 ||| FLEEEEING.
  1876 | D:3      | 1876 ||| FLEEEEING.
  1877 | D:3      | 1877 ||| FLEEEEING.
  1878 | D:3      | 1878 ||| FLEEEEING.
  1879 | D:3      | 1879 ||| FLEEEEING.
  1880 | D:3      | 1880 ||| FLEEEEING.
  1881 | D:3      | 1881 ||| FLEEEEING.
  2365 | D:3      | 2365 ||| DROPPING scarf of shadows.
  2366 | D:3      | 2366 ||| READING scroll labelled POYSHRO ESEC.
  2367 | D:3      | 2367 ||| READING 3 scrolls labelled KEXKOTZ WOGGABB.
  2368 | D:3      | 2368 ||| READING scroll labelled RIUTSI ACECICK.
  2372 | D:3      | 2372 ||| DROPPING 2 scrolls of vulnerability.
  2439 | D:4      | Reached XP level 5. HP: 44/44 MP: 5/5
  2457 | D:4      | Reached skill level 3 in Fighting
  2494 | D:4      | Found an ornate altar of the Wu Jian Council.
  2527 | D:4      | Found an ancient bone altar of Kikubaaqudgha.
  2905 | D:4      | Reached skill level 6 in Ranged Weapons
  2905 | D:4      | Reached XP level 6. HP: 36/51 MP: 6/6
  3028 | D:4      | 3028 ||| READING scroll labelled WAREUN YZIUN.
  3029 | D:4      | 3029 ||| READING 2 scrolls of identify.
  3029 | D:4      | 3029 ||| IDENTIFYING fuming inky potion
  3030 | D:4      | 3030 ||| DROPPING potion of ambrosia.
  3047 | D:5      | Entered Level 5 of the Dungeon
  3051 | D:5      | 3051 ||| STAIRDANCE
  3055 | D:4      | HP: 11/51 [gnoll/+0 whip (6)]
  3059 | D:4      | HP: 3/51 [gnoll/+0 whip (4)]
  3059 | D:4      | HP: 1/51 [gnoll/+0 whip (2)]
  3059 | D:4      | Slain by a gnoll

Levels and vault maps discovered:
D:1:      minmay_arrival_stair_chambers, layout_basic
D:2:      layout_basic
D:3:      layout_rooms, nicolae_ashenzari_panopticon
D:4:      layout_rooms, mainiacjoe_overflow_large_starburst,
          uniq_crazy_yiuf_cottage
D:5:      layout_cave_pools, lemuel_coloured_pillars_altar,
          kennysheep_little_box, serial_bayou_lagoon_a

Skill      XL: |  1  2  3  4  5 |
---------------+----------------+-----
Ranged Weapons | 3 4 5 6 |  6.4
Fighting       | 2 3 |  3.4
Armour         | 1 |  1.0
Dodging        | |  2.1
Spellcasting   | |  1.0
Hexes          | |  2.0

Action                     |  1- 3 |  4- 6 || total
---------------------------+-------+-------++-------
   Fire: Sling             |   128 |   164 ||   292
    Use: Scroll            |     1 |     6 ||     7
         Potion            |       |     1 ||     1
 Armour: Robe              |     4 |     3 ||     7
         Ring mail         |       |    37 ||    37
  Dodge: Dodged            |    36 |    84 ||   120

Table legend:
 A = Non-vault XP
 B = Vault XP
 C = Vault XP percentage of total XP
 D = Non-vault monster count
 E = Vault monster count
 F = Vault count percentage of total count
                 A         B        C        D         E       F
            +---------+---------+-------+---------+---------+-------
      Total |     443 |       0 |   0.0 |      91 |       0 |   0.0
            +---------+---------+-------+---------+---------+-------
        D:1 |      53 |       0 |   0.0 |      28 |       0 |   0.0
        D:2 |      81 |       0 |   0.0 |      28 |       0 |   0.0
        D:3 |      58 |       0 |   0.0 |      20 |       0 |   0.0
        D:4 |     251 |       0 |   0.0 |      15 |       0 |   0.0
            +---------+---------+-------+---------+---------+-------
